 Dungeon Crawl Stone Soup version 0.30-a0-279-g4b46babb21 (webtiles) character file.

Game seed: 14717805605398444945

58 koil the Sneak (level 3, 0/18 HPs)
             Began as a Spriggan Enchanter on Oct 17, 2022.
             Slain by a gnoll
             ... wielding a +0 club
              (6 damage)
             ... on level 2 of the Dungeon.
             The game lasted 00:03:08 (807 turns).

koil the Sneak (Spriggan Enchanter)                  Turns: 807, Time: 00:03:09

Health: 0/18       AC:  9    Str:  4    XL:     3   Next: 75%
Magic:  0/8        EV: 18    Int: 16    God:
Gold:   80         SH:  0    Dex: 17    Spells: 6/8 levels left

rFire   . . .      SeeInvis +    a - +1 dagger (protect)
rCold   . . .      Faith    .    (no shield)
rNeg    . . .      Spirit   .    b - +0 robe
rPois   +          Reflect  .    (helmet restricted)
rElec   .          Harm     .    (no cloak)
rCorr   .          Rampage  .    (gloves unavailable)
Will    .....                    (boots unavailable)
Stlth   +++.......               (no amulet)
HPRegen 0.23/turn                k - ring of poison resistance
MPRegen 0.11/turn                (no ring)

@: under a protective aura, very quick
A: very small, no large weapons, unfitting armour, see invisible, speed 3
a: no special abilities


You were on level 2 of the Dungeon.
You visited 1 branch of the dungeon, and saw 2 of its levels.

You collected 80 gold pieces.

Inventory:

Hand Weapons
 a - a +1 dagger of protection (weapon)
 e - a +1 dagger
Missiles
 h - 4 poisoned darts (quivered)
Armour
 b - a +0 robe (worn)
 g - a +0 robe
Jewellery
 k - a ring of poison resistance (left hand)
Scrolls
 f - a scroll of vulnerability {unknown}
 i - a scroll of poison {unknown}
 j - a scroll of teleportation {unknown}
 n - 2 scrolls of identify {unknown}
Potions
 c - 3 potions of invisibility
 d - 2 potions of curing {unknown}
 l - a potion of attraction {unknown}
 m - a potion of resistance {unknown}


   Skills:
 + Level 1.0 Fighting
 + Level 1.8 Short Blades
 + Level 3.2 Dodging
 + Level 5.1 Stealth
 + Level 3.2 Spellcasting
 + Level 4.0 Hexes


You had 6 spell levels left.
You knew the following spells:

 Your Spells              Type           Power      Damage    Failure   Level
a - Ensorcelled Hibernat  Hex/Ice        18%        N/A       12%         2

Your spell library contained the following spells:

 Spells                   Type           Power      Damage    Failure   Level
 Confusing Touch          Hex            15%        N/A       11%         3
 Tukima's Dance           Hex            15%        N/A       11%         3
 Dazzling Flash           Conj/Hex       18%        N/A       24%         3


Dungeon Overview and Level Annotations

Branches:
Dungeon (2/15)

Altars:


Innate Abilities, Weirdness & Mutations

You are very small and have problems with some larger weapons.
You are too small for most types of armour.
You have supernaturally acute eyesight. (SInv)
You cover ground extremely quickly. (Speed+++)


Message History

The gnoll resists with significant effort.
The gnoll closely misses you.
Casting: Ensorcelled Hibernation (safe; 12% risk of failure)
Confirm with . or Enter, or press ? or * to list all spells.
Aiming: Ensorcelled Hibernation (safe; 12% risk of failure)
Press: ? - help, Shift-Dir - straight line, f/p - gnoll
Aim: a gnoll, wielding a +0 club (lightly wounded, chance to affect: 51%)
The gnoll resists with significant effort.
The gnoll completely misses you.
Casting: Ensorcelled Hibernation (safe; 12% risk of failure)
Confirm with . or Enter, or press ? or * to list all spells.
Aiming: Ensorcelled Hibernation (safe; 12% risk of failure)
Press: ? - help, Shift-Dir - straight line, f/p - gnoll
Aim: a gnoll, wielding a +0 club (lightly wounded, chance to affect: 51%)
The gnoll resists with significant effort.
The gnoll closely misses you.
Casting: Ensorcelled Hibernation (safe; 12% risk of failure)
Confirm with . or Enter, or press ? or * to list all spells.
Aiming: Ensorcelled Hibernation (safe; 12% risk of failure)
Press: ? - help, Shift-Dir - straight line, f/p - gnoll
Aim: a gnoll, wielding a +0 club (lightly wounded, chance to affect: 51%)
The gnoll resists with significant effort.
The gnoll misses you.
Casting: Ensorcelled Hibernation (safe; 12% risk of failure)
Confirm with . or Enter, or press ? or * to list all spells.
You don't have enough magic to cast this spell.
Unknown command.
You hit the gnoll but do no damage.
Your weapon exudes an aura of protection.
The gnoll is lightly wounded.
The gnoll closely misses you.
You completely miss the gnoll.
The gnoll is lightly wounded.
The gnoll hits you but does no damage.
You hit the gnoll but do no damage. You punch the gnoll.
The gnoll is moderately wounded.
You hit the gnoll.
The gnoll is heavily wounded.
The gnoll hits you with a +0 club.
You die...

... ##....#####.
#.....#...♣...#...
#.#.........≈...≈.
#.#.####.≈....♣...
#.#.#.......≈...≈.
#.#.....♣.♣......J
#.#<.......).♣.♣..
#.####.≈...≈.....≈
#.@g.....♣....≈...
####.#.≈...≈.....≈
#.#.......♣.♣..
#.##.♣.♣.......
#.##.....≈...≈.
#.###.≈....♣.$.
#.. .....≈...≈ #.#
♣.♣.....


You could see a gnoll.

Vanquished Creatures
  3 gnolls (D:2)
  4 endoplasms
  2 hobgoblins (D:1)
  2 jackals (D:1)
  A quokka (D:1)
  4 ball pythons (D:1)
  A bat (D:1)
  2 frilled lizards (D:1)
  5 goblins (D:1)
  3 kobolds (D:1)
  2 rats
29 creatures vanquished.

Vanquished Creatures (others)
  A plant (D:1)
1 creature vanquished.

Grand Total: 30 creatures vanquished

Notes
Turn   | Place    | Note
-------+----------+-------------------------------------------
     0 | D:1      | koil the Spriggan Enchanter began the quest for the Orb.
     0 | D:1      | Reached XP level 1. HP: 9/9 MP: 5/5
   185 | D:1      | Reached XP level 2. HP: 13/13 MP: 6/6
   461 | D:1      | Learned a level 2 spell: Ensorcelled Hibernation
   751 | D:2      | Reached XP level 3. HP: 13/17 MP: 5/8
   774 | D:2      | Reached skill level 5 in Stealth
   795 | D:2      | Reached skill level 1 in Fighting
   807 | D:2      | Slain by a gnoll

Illustrated notes

Levels and vault maps discovered:
D:1:      tarquinn_simple_flora_water_a, layout_loops_ring, serial_bayou_lake_a
D:2:      layout_basic, hellmonk_ecumenical_altar_run_dry, basic_altar,
          nicolae_kite_square_tiling_tiny, mrwooster_statue_mirror

Skill      XL: |  1  2  3 |
---------------+----------+-----
Spellcasting   | 3 |  3.2
Dodging        | 3 |  3.2
Stealth        | 5 |  5.1
Hexes          | 4 |  4.0
Fighting       | 1 |  1.0
Short Blades   | |  1.8

Action                   || total
-------------------------++-------
Melee: Dagger            ||   120
       Punch             ||     2
 Cast: Ensorcelled Hiber ||     5
 Stab: Sleeping          ||     6
Armor: Robe              ||    13
Dodge: Dodged            ||    87

Table legend: (Time is in decaauts)
 A = Elapsed time spent in this place.
 B = Non-inter-level travel time spent in this place.
 C = Inter-level travel time spent in this place.
 D = Time resting spent in this place.
 E = Time spent auto-exploring this place.
 F = Levels seen in this place.
 G = Mean time per level.
                   A        B        C        D        E       F      G
               +--------+--------+--------+--------+--------+-----+--------+
         Total |    594 |    573 |     21 |     22 |    313 |   2 |  297.0 |
       Dungeon |    594 |    573 |     21 |     22 |    313 |   2 |  297.0 |
               +--------+--------+--------+--------+--------+-----+--------+

Top non-repeatable levels by time:
     D:1: 532 daAuts
     D:2: 61 daAuts
